 Dungeon Sprint DCSS version 0.31-a0-851-g7ff8af7976 (webtiles) character file.

Game seed: 15282102046235845068

21175 sircluck the Brawler (level 12, -2/211 HPs)
             Began as a Troll Berserker on Oct 5, 2023.
             Was a High Priest of Trog.
             Slain by a hell knight
             ... wielding a +5 scimitar
              (22 damage)
             ... in the Dungeon (Sprint VII: "The Pits").
             The game lasted 00:07:05 (2164 turns).

sircluck the Brawler (Troll Berserker)              Turns: 2164, Time: 00:07:06

Health: -2/211     AC: 12    Str: 32    XL:     12   Next: 51%
Magic:  11/11      EV: 18    Int:  3    God:    Trog [*****.]
Gold:   49         SH:  0    Dex: 12    Spells: 11/11 levels left

rFire   . .          .
                       - Unarmed
rCold   . . .        (no shield)
rNeg    . . .        k - +0 swamp dragon scales
rPois   +            (helmet restricted)
rElec   .            (no cloak)
rCorr   .            (gloves unavailable)
SInv    .            (boots unavailable)
Will    .....        (no amulet) Stlth
                     l - +3 ring of dexterity
HPRegen 1.35/turn    m - +3 ring of evasion
MPRegen 0.12/turn

%: no teleportation
@: berserking, slowed
A: large, unfitting armour, claws 3, regeneration 1, shaggy fur 1, tough skin 1
a: Renounce Religion, Berserk, Trog's Hand, Brothers in Arms


You were in the Dungeon.
You worshipped Trog.
Trog was extremely pleased with you.
You visited 1 branch You collected 49 gold pieces.

Inventory:

Missiles
 o - 3 javelins
Armour
 a - a +0 animal skin
 k - +0 swamp dragon scales (worn)
 p - a +0 troll leather armour
Jewellery
 l - a +3 ring of dexterity (left claw)
 m - a +3 ring of evasion (right claw)
 r - a ring of see invisible
 s - a ring of fire
Wands
 t - a wand of acid (8)
Scrolls
 i - 2 scrolls of vulnerability
 j - a scroll of summoning
 q - 2 scrolls of revelation
 v - 2 scrolls of enchant weapon
 w - 2 scrolls of fog
 y - 3 scrolls of identify
 z - 2 scrolls of fear
Potions
 b - 9 potions of curing
 c - 14 potions of heal wounds
 d - 2 potions of haste
 e - 4 potions of magic
 f - 4 potions of berserk rage
 h - 2 potions of invisibility
 n - 2 potions of mutation
 u - a potion of attraction
 x - a potion of resistance
 A - 2 potions of might


   Skills:
 + Level 15.1 Fighting
 + Level 11.7 Armour
 + Level 15.0 Dodging
 + Level 17.6 Unarmed Combat


You had 11 spell levels left.
You didn't know any spells.
Your spell library was empty.

Dungeon Overview and Level Annotations

Branches:
Dungeon (1/1)

Altars:
Ashenzari
Cheibriados
Dithmenos
Elyvilon
Fedhas
Gozag
Hepliaklqana
Kikubaaqudgha
Makhleb
Nemelex Xobeh
Okawaru
Qazlal
Ru
Sif Muna
Trog
Uskayaw
Vehumet
Wu Jian
Xom
Yredelemnul
Zin
The Shining One
Jiyva
Lugonu


Innate Abilities, Weirdness & Mutations

You are too large for most types of armour.
You have claws for hands.
Your natural rate of healing is unusually fast.
You are covered in fur. (AC +1)
You have tough skin. (AC +1)


Message History

The merfolk impaler completely misses you.
Your deep troll bites the merfolk impaler.
Your deep troll claws the merfolk impaler. x2
The hell knight hits you with a +5 scimitar!
* * * LOW HITPOINT WARNING * * *
Unknown command.
Unknown command.
A red film seems to cover your vision as you go berserk!
You feel yourself moving faster!
You feel mighty!
The guardian serpent hits your deep troll!!
The wolf closely misses you. The slime creature hits you.
* * * LOW HITPOINT WARNING * * *
The guardian serpent hits your deep troll!!
A hell knight comes into view. It is wielding a +0 great mace.
The hell knight closely misses you.
Your deep troll bites the merfolk impaler but does no damage.
Your deep troll claws the merfolk impaler.
Your deep troll claws the merfolk impaler!
The wolf bites you.
* * * LOW HITPOINT WARNING * * *
The merfolk impaler hits you with a +2 heavy trident!
* * * LOW HITPOINT WARNING * * *
The slime creature hits you but does no damage.
Your deep troll closely misses the merfolk impaler.
Your deep troll claws the merfolk impaler!
Your deep troll misses the merfolk impaler.
The guardian serpent hits your deep troll!
The hell knight barely misses you.
You closely miss the merfolk impaler. Your claw misses the merfolk impaler.
The merfolk impaler is moderately wounded.
The wolf bites you.
* * * LOW HITPOINT WARNING * * *
The merfolk impaler hits you with a +2 heavy trident!!
* * * LOW HITPOINT WARNING * * *
Your deep troll bites the merfolk impaler!
Your deep troll barely misses the merfolk impaler.
Your deep troll claws the merfolk impaler!
The guardian serpent hits your deep troll but does no damage.
The hell knight hits you with a +5 scimitar!!
You die...

### #.. #.. +.. +.. #..
#######################..
#......p@mTS..p......''..
#.......Jh...).†)....''..
#..#############)##..##..
#..# #§#..##.. #..#
##..##.. #..# #..####
#..# #..#### #..# #..##..
#..################..##.#


You could see a merfolk impaler, 2 hell knights, a slime creature, a guardian
serpent, a wolf and a friendly deep troll (summoned, berserk).

Vanquished Creatures
  A minotaur (D)
  Josephine (D)
  An anaconda (D)
  A catoblepas (D)
  A death yak (D)
  A demonic crawler (D)
  A spriggan (D)
  A fire crab (D)
  A skeletal warrior (D)
  A sixfirhy (D)
  A swamp dragon (D)
  A manticore (D)
  A molten gargoyle (D)
  A gargoyle (D)
  A komodo dragon (D)
  An efreet (D)
  A merfolk (D)
  A hellwing (D)
  2 trolls (D)
  A wind drake (D)
  A tarantella (D)
  A hornet (D)
  A snapping turtle (D)
  3 blink frogs (D)
  3 jumping spiders (D)
  A wraith (D)
  2 fire bats (D)
  An acid dragon (D)
  2 ice beasts (D)
  A sky beast (D)
  An ogre (D)
  3 wolves (D)
  A centaur (D)
  A phantom (D)
  A bullfrog (D)
  2 scorpions (D)
  A jelly (D)
  A quasit (D)
  A gnoll bouda (D)
  An iguana (D)
  2 gnolls (D)
  2 white imps (D)
  An ufetubus (D)
  3 adder zombies (D)
  A worm (D)
  A bat (D)
  2 goblins (D)
  A quokka (D)
  3 ball pythons (D)
  A kobold (D)
67 creatures vanquished.

Vanquished Creatures (collateral kills)
  Agnes (D)
  A deep elf sorcerer (D)
  A spriggan air mage (D)
  A death yak (D)
  A demonic crawler (D)
  A skeletal warrior (D)
  An iron troll (D)
  A swamp dragon (D)
  A lindwurm (D)
  An orc sorcerer (D)
  An ugly thing (D)
  An orange demon (D)
  A guardian serpent (D)
  An ice devil (D)
  A freezing wraith (D)
  2 merfolk (D)
  A ynoxinul (D)
  3 wraiths (D)
  A redback (D)
  A floating eye (D)
  A black bear (D)
  2 wolves (D)
  An earth elemental (D)
  A gnoll bouda (D)
  4 gnolls (D)
  An adder (D)
  A ball python skeleton (D)
34 creatures vanquished.

Grand Total: 101 creatures vanquished

Notes
Turn   | Place    | Note
-------+----------+-------------------------------------------
     0 | D        | sircluck the Troll Berserker began the quest for the Orb.
     0 | D        | Reached XP level 1. HP: 22/22 MP: 0/0
    11 | D        | Noticed a scorpion
    19 | D        | Killed a scorpion
    20 | D        | Reached skill level 5 in Unarmed Combat
    20 | D        | Reached XP level 2. HP: 33/33 MP: 1/1
    20 | D        | Reached XP level 3. HP: 40/40 MP: 2/2
   124 | D        | Found a bloodstained altar of Trog.
   124 | D        | Found a shimmering blue altar of Sif Muna.
   124 | D        | Found a viscous altar of Jiyva.
   124 | D        | Found a hazy altar of Hepliaklqana.
   124 | D        | Found an opulent altar of Gozag.
   125 | D        | Found a glowing golden altar of the Shining One.
   125 | D        | Found a glowing silver altar of Zin.
   125 | D        | Found a basalt altar of Yredelemnul.
   125 | D        | Found a shimmering altar of Xom.
   125 | D        | Found an ornate altar of the Wu Jian Council.
   125 | D        | Found a sacrificial altar of Ru.
   125 | D        | Found a stormy altar of Qazlal.
   125 | D        | Found an iron altar of Okawaru.
   125 | D        | Found a sparkling altar of Nemelex Xobeh.
   125 | D        | Found a burning altar of Makhleb.
   125 | D        | Found a blossoming altar of Fedhas.
   125 | D        | Found a white marble altar of Elyvilon.
   125 | D        | Found a shadowy altar of Dithmenos.
   125 | D        | Found a snail-covered altar of Cheibriados.
   129 | D        | Found a corrupted altar of Lugonu.
   129 | D        | Found a radiant altar of Vehumet.
   130 | D        | Found a broken altar of Ashenzari.
   130 | D        | Found an ancient bone altar of Kikubaaqudgha.
   130 | D        | Found a hide-covered altar of Uskayaw.
   169 | D        | Reached ** piety under Trog
   170 | D        | Reached XP level 4. HP: 46/49 MP: 3/3
   186 | D        | Noticed a scorpion
   196 | D        | Killed a scorpion
   196 | D        | Reached *** piety under Trog
   197 | D        | Reached skill level 5 in Fighting
   197 | D        | Reached skill level 5 in Dodging
   197 | D        | Reached skill level 6 in Unarmed Combat
   285 | D        | Reached XP level 5. HP: 55/57 MP: 4/4
   286 | D        | Noticed a centaur
   286 | D        | Noticed an ogre
   297 | D        | Reached **** piety under Trog
   302 | D        | Killed an ogre
   303 | D        | Reached skill level 7 in Unarmed Combat
   307 | D        | Reached XP level 6. HP: 60/68 MP: 5/5
   310 | D        | Reached skill level 8 in Unarmed Combat
   329 | D        | Reached ***** piety under Trog
   332 | D        | Noticed a troll
   335 | D        | Killed a troll
   335 | D        | Received a gift from Trog
   336 | D        | Reached skill level 9 in Unarmed Combat
   336 | D        | Reached XP level 7. HP: 79/80 MP: 6/6
   338 | D        | Noticed a fire bat
   352 | D        | Killed a fire bat
   353 | D        | Reached skill level 10 in Unarmed Combat
   372 | D        | Noticed a swamp dragon
   372 | D        | Noticed a jumping spider
   491 | D        | Killed a swamp dragon
   492 | D        | Reached skill level 11 in Unarmed Combat
   492 | D        | Reached XP level 8. HP: 92/92 MP: 7/7
   501 | D        | Killed a jumping spider
   616 | D        | Noticed a gargoyle
   622 | D        | Noticed a jumping spider
   624 | D        | Killed a gargoyle
   625 | D        | Reached skill level 10 in Fighting
   625 | D        | Reached skill level 1 in Armour
   625 | D        | Reached skill level 10 in Dodging
   629 | D        | Killed a jumping spider
   629 | D        | Received a gift from Trog
   630 | D        | Reached skill level 12 in Unarmed Combat
   630 | D        | Reached XP level 9. HP: 43/101 MP: 8/8
   709 | D        | Noticed a komodo dragon
   719 | D        | Killed a komodo dragon
   776 | D        | Noticed a demonic crawler
   776 | D        | Noticed an efreet
   781 | D        | Killed a demonic crawler
   783 | D        | Killed an efreet
   783 | D        | Received a gift from Trog
   824 | D        | Noticed a spriggan rider
   824 | D        | Noticed a wind drake
   827 | D        | Noticed a minotaur
   831 | D        | Killed a spriggan rider
   832 | D        | Reached skill level 5 in Armour
   832 | D        | Reached skill level 13 in Unarmed Combat
   832 | D        | Reached XP level 10. HP: 114/114 MP: 9/9
   835 | D        | Killed a minotaur
   890 | D        | Noticed a molten gargoyle
   896 | D        | Killed a molten gargoyle
   904 | D        | Reached skill level 14 in Unarmed Combat
   943 | D        | Noticed a death yak
   949 | D        | Killed a death yak
   967 | D        | Received a gift from Trog
   981 | D        | Reached ****** piety under Trog
  1041 | D        | Noticed a manticore
  1047 | D        | Killed a manticore
  1086 | D        | Noticed Josephine
  1086 | D        | Noticed a demonic crawler
  1091 | D        | Killed Josephine
  1091 | D        | Received a gift from Trog
  1093 | D        | Reached XP level 11. HP: 95/124 MP: 10/10
  1099 | D        | Killed a demonic crawler
  1100 | D        | Reached skill level 15 in Unarmed Combat
  1105 | D        | Received a gift from Trog
  1276 | D        | Received a gift from Trog
  1276 | D        | Paralysed by a floating eye for 3 turns
  1286 | D        | Noticed a death yak
  1291 | D        | Killed a death yak
  1291 | D        | Received a gift from Trog
  1558 | D        | Noticed a lindwurm
  1558 | D        | Noticed Agnes
  1563 | D        | Killed Agnes
  1563 | D        | Received a gift from Trog
  1564 | D        | Reached skill level 16 in Unarmed Combat
  1565 | D        | Killed a lindwurm
  1632 | D        | Reached skill level 10 in Armour
  1645 | D        | Noticed an anaconda
  1654 | D        | Killed an anaconda
  1822 | D        | Noticed a catoblepas
  1829 | D        | Killed a catoblepas
  1832 | D        | Received a gift from Trog
  2019 | D        | Noticed a sixfirhy
  2019 | D        | Noticed an iron troll
  2019 | D        | Noticed a fire crab
  2019 | D        | Noticed a skeletal warrior
  2021 | D        | Noticed a spriggan air mage
  2025 | D        | Killed a sixfirhy
  2026 | D        | Reached XP level 12. HP: 96/139 MP: 11/11
  2028 | D        | Noticed a deep elf sorcerer
  2029 | D        | Killed a deep elf sorcerer
  2029 | D        | Identified the +3 sling of Infection {antimagic, *Slow
                  | Dex+4}
  2033 | D        | Reached skill level 17 in Unarmed Combat
  2056 | D        | Killed a spriggan air mage
  2056 | D        | Received a gift from Trog
  2140 | D        | Reached skill level 15 in Fighting
  2156 | D        | Reached skill level 15 in Dodging
  2157 | D        | Noticed a merfolk impaler
  2164 | D        | Slain by a hell knight

Illustrated notes

Levels and vault maps discovered:
D:        pitsprint [storerooms_1, entrance_room_1, metal_vault_5, armoury_1,
          mini_pit_1, grid_room_1, main_hall_1, silver_pit, the_coven_1,
          the_vestibule_1, steel_vault_4, golden_pit, hallway_of_sentries,
          crystal_vault_1, iron_vault_4, final_vault]

Skill      XL: |  1  2  3  4  5  6  7  8  9 10 11 12 |
---------------+-------------------------------------+-----
Fighting       | 4 5 6 8 9 10 11 12 14 15 | 15.1
Dodging        | 4 5 6 7 9 10 11 12 14 15 | 15.0
Unarmed Combat | 5 6 7 9 11 12 13 14 16 17 | 17.6
Armour         | 2 5 8 10 11 | 11.7

Action                     |  1- 3 |  4- 6 |  7- 9 | 10-12 || total
---------------------------+-------+-------+-------+-------++-------
  Melee: Unarmed           |    12 |    45 |    52 |   129 ||   238
         Punch             |       |     2 |     3 |    12 ||    17
 Invoke: Berserk           |       |       |     3 |     6 ||     9
         Brothers in Arms  |       |       |     2 |     8 ||    10
    Use: Potion            |       |       |       |     2 ||     2
         Scroll            |       |       |       |     1 ||     1
 Armour: Animal skin       |    10 |    31 |    23 |       ||    64
         Swamp dragon scal |       |       |    19 |   107 ||   126
  Dodge: Dodged            |     6 |    28 |    19 |   116 ||   169

Table legend: (Time is in decaauts)
 A = Elapsed time spent in this place.
 B = Non-inter-level travel time spent in this place.
 C = Inter-level travel time spent in this place.
 D = Time resting spent in this place.
 E = Time spent auto-exploring this place.
 F = Levels seen in this place.
 G = Mean time per level.
                   A        B        C        D        E       F      G
               +--------+--------+--------+--------+--------+-----+--------+
         Total |   2198 |   2198 |      0 |    874 |    282 |   1 | 2198.0 |
       Dungeon |   2198 |   2198 |      0 |    874 |    282 |   1 | 2198.0 |
               +--------+--------+--------+--------+--------+-----+--------+

Top non-repeatable levels by time:
       D: 2198 daAuts
